 Dungeon Crawl Stone Soup version 0.31-a0-175-g9f7f995f2b (webtiles) character file.

Game seed: 13463230746867458290

140 qw the Shooter (level 5, 0/32 HPs)
             Began as a Gargoyle Hunter on June 16, 2023.
             Killed from afar by Dowan (4 damage)
             ... with a puff of frost
             ... on level 4 of the Dungeon.
             The game lasted 00:01:29 (2525 turns).

qw the Shooter (Gargoyle Hunter)                    Turns: 2525, Time: 00:01:30

Health: 0/32       AC:  9    Str: 15    XL:     5   Next: 22%
Magic:  5/5        EV: 16    Int:  9    God:
Gold:   201        SH:  0    Dex: 15    Spells: 4/4 levels left

rFire   . . .        Y - +1 shortbow (flame)
rCold   . . .        (shield currently unavailable)
rNeg    + . .        l - +0 ring mail
rPois   inf          (no helmet)
rElec   +            (no cloak)
rCorr   .            (no gloves)
SInv    .            (no boots)
Will    .....        (no amulet)
Stlth   +            m - +5 ring of evasion
HPRegen 0.25/turn    (no ring)
MPRegen 0.09/turn

%: no passive effects
@: lit by a corona, glowing
A: sickness immunity, AC +4, negative energy resistance 1, electricity
resistance, torment resistance 1, petrification resistance
a: no special abilities


You were on level 4 of the Dungeon.
You visited 1 branch of the dungeon, and saw 4 of its levels.

You collected 201 gold pieces.


Innate Abilities, Weirdness & Mutations

You are immune to sickness and miasma.
Your stone body is resilient. (AC +4)
You are immune to poison.
You resist negative energy. (rN+)
You are resistant to electric shocks. (rElec)
You are resistant to unholy torment.
You are immune to petrification.


   Skills:
 - Level 3.1 Fighting
 + Level 5.8 Ranged Weapons
 - Level 1.0 Armour
 - Level 1.5 Dodging
 - Level 1.1 Stealth


You had 4 spell levels left.
You didn't know any spells.
Your spell library was empty.

Inventory:

Hand Weapons
 Y - a +1 shortbow of flaming (weapon)
Armour
 l - a +0 ring mail (worn)
Jewellery
 m - a +5 ring of evasion (left hand)
Scrolls
 b - a scroll of identify
 d - a scroll of immolation {unknown}
 g - a scroll of enchant armour
Potions
 a - a potion of cancellation {unknown}
 c - a potion of haste {unknown}
 e - a potion of curing {unknown}
 h - 2 potions of might {unknown}
 i - a potion of berserk rage {unknown}

Dungeon Overview and Level Annotations

Branches:
Dungeon (4/15)
 Temple: D:4-7

Altars:
Gozag
Makhleb

Annotations:
D:4 Dowan, Duvessa


Message History

The hound bites you but does no damage.
You shoot an arrow. The arrow hits the hound!
The arrow burns the hound.
You kill the hound!
Duvessa hits you with a +1 short sword of electrocution!
Dowan gestures at you while chanting.
You are outlined in light.
You have reached level 5!
You shoot an arrow. The arrow barely misses Duvessa.
Duvessa misses you. Dowan misses you.
You shoot an arrow. The arrow hits Duvessa!
The arrow burns Duvessa.
Duvessa is heavily wounded.
Dowan says, "Magic and the sword, together, will defeat you."
Dowan hits you but does no damage. Duvessa barely misses you.
Dowan gestures at you while chanting.
The puff of flame hits you but does no damage.
Duvessa closely misses you.
You shoot an arrow. The arrow hits Duvessa.
The arrow burns Duvessa.
Duvessa is heavily wounded.
Duvessa hits you with a +1 short sword of electrocution.
Dowan hits you but does no damage.
You shoot an arrow.
The arrow hits Duvessa but does no damage.
Duvessa is heavily wounded.
Dowan closely misses you. Duvessa hits you but does no damage.
You shoot an arrow.
The arrow hits Duvessa but does no damage.
Duvessa is heavily wounded.
Duvessa says, "Where magic fails, the sword succeeds!"
Duvessa hits you but does no damage. Dowan closely misses you.
You shoot an arrow.
The arrow hits Duvessa but does no damage.
Duvessa is heavily wounded.
Duvessa hits you with a +1 short sword of electrocution.
Dowan hits you with a +2 dagger of electrocution.
You shoot an arrow. The arrow hits Duvessa.
The arrow burns Duvessa.
Duvessa is heavily wounded.
Duvessa hits you with a +1 short sword of electrocution.
Dowan points at you and mumbles some strange words.
The puff of frost hits you.
You die...

#.#.. .. ##.#. #.#
#.......# ##... ...
#.... #.# # #...###.#
.. ### #..e....#
#.##..
#..@e...#######.##.#
#..#....#.....#.##.#
#.####..#.....#.....
#.............#.....
#.###.##......#.....
#.###.....#..#.#
###.###.##.........#..
#.......##.##.##...##.
#.#####.##.........##.


You could see Duvessa and Dowan.

Vanquished Creatures
  A hound (D:4)
  Ijyb (D:3)
  2 adders
  A worm (D:2)
  A dart slug (D:2)
  4 orcs (D:3)
  5 ball pythons
  6 bats
  6 endoplasms
  2 giant cockroaches
  2 goblins (D:1)
  7 hobgoblins
  7 kobolds
  A quokka (D:1)
  3 frilled lizards
  7 rats
56 creatures vanquished.

Notes
Turn   | Place    | Note
-------+----------+-------------------------------------------
     0 | D:1      | qw the Gargoyle Hunter began the quest for the Orb.
     0 | D:1      | Reached XP level 1. HP: 12/12 MP: 1/1
     0 | D:1      | 0 ||| qw: Version: 0.2-a-29-g511e9b1
     0 | D:1      | 0 ||| qw: Game counter: 5775
     0 | D:1      | 0 ||| qw: Always use a shield: true
     0 | D:1      | 0 ||| qw: God list: Okawaru
     0 | D:1      | 0 ||| qw: Allow faded altars: false
     0 | D:1      | 0 ||| qw: Do Orc after D:15 true
     0 | D:1      | 0 ||| qw: Do second Lair branch before Depths: true
     0 | D:1      | 0 ||| qw: Lair rune preference: random
     0 | D:1      | 0 ||| qw: Plans: Normal, Zot:1-4, Slime:5, God:TSO, Crypt,
                  | Tomb, Abyss, Pan, Hells, Win
     0 | D:1      | 0 ||| PLANNING D:1-11
   149 | D:1      | Reached XP level 2. HP: 17/17 MP: 2/2
   515 | D:1      | 515 ||| UPGRADING to +0 ring mail.
   525 | D:1      | 525 ||| DROPPING +0 leather armour.
   526 | D:1      | 526 ||| UPGRADING to +5 ring of evasion.
   527 | D:1      | 527 ||| READING scroll labelled ETYCVUXT ETATE.
   528 | D:1      | 528 ||| READING scroll labelled YMITWA JEUHOCK.
   529 | D:1      | 529 ||| READING 2 scrolls labelled MUCAAF GETYPS.
   530 | D:1      | 530 ||| READING scroll labelled WISES SEGUETH.
   531 | D:1      | 531 ||| READING scroll labelled LIJI RIRUI.
   532 | D:1      | 532 ||| READING scroll labelled UGAEHU COSOULL.
   537 | D:1      | 537 ||| DROPPING scroll of butterflies.
   677 | D:2      | Reached XP level 3. HP: 21/21 MP: 3/3
   799 | D:2      | Found a faded altar of an unknown god.
   806 | D:2      | Reached skill level 1 in Armour
  1077 | D:2      | Reached skill level 5 in Ranged Weapons
  1147 | D:2      | 1147 ||| READING scroll labelled PABBUS RERAO.
  1148 | D:2      | 1148 ||| READING scroll labelled ROXYXE FECZARE.
  1165 | D:2      | 1165 ||| READING 2 scrolls labelled PEYCUR OSKOV.
  1166 | D:2      | 1166 ||| DROPPING scroll of fog.
  1190 | D:3      | 1190 ||| PLANNING SEWER
  1378 | D:3      | Reached skill level 3 in Fighting
  1378 | D:3      | Reached XP level 4. HP: 25/28 MP: 4/4
  1455 | D:3      | Noticed Ijyb
  1467 | D:3      | HP: 7/28 [Ijyb/puff of flame (7)]
  1468 | D:3      | 1468 ||| READING scroll of teleportation.
  1470 | D:3      | Killed Ijyb
  1472 | D:3      | 1472 ||| FLEEEEING.
  1473 | D:3      | 1473 ||| FLEEEEING.
  1474 | D:3      | 1474 ||| FLEEEEING.
  1475 | D:3      | 1475 ||| FLEEEEING.
  1476 | D:3      | 1476 ||| FLEEEEING.
  1477 | D:3      | 1477 ||| FLEEEEING.
  1478 | D:3      | 1478 ||| FLEEEEING.
  1479 | D:3      | 1479 ||| FLEEEEING.
  1480 | D:3      | 1480 ||| FLEEEEING.
  1481 | D:3      | 1481 ||| FLEEEEING.
  1482 | D:3      | 1482 ||| FLEEEEING.
  1483 | D:3      | 1483 ||| FLEEEEING.
  1484 | D:3      | 1484 ||| FLEEEEING.
  1486 | D:3      | 1486 ||| FLEEEEING.
  1487 | D:3      | 1487 ||| FLEEEEING.
  1488 | D:3      | 1488 ||| FLEEEEING.
  1489 | D:3      | 1489 ||| FLEEEEING.
  1490 | D:3      | 1490 ||| FLEEEEING.
  1491 | D:3      | 1491 ||| STAIRDANCE
  1962 | D:3      | Found a glowing drain.
  1963 | D:3      | 1963 ||| READING scroll labelled LUURET XOOCW.
  1964 | D:3      | 1964 ||| READING scroll labelled WAOXEY EROQUBBEMN.
  2065 | D:3      | 2065 ||| DRINKING 2 murky inky potions.
  2068 | D:3      | 2068 ||| DROPPING potion of ambrosia.
  2105 | D:2      | 2105 ||| RIP SEWER
  2105 | D:2      | 2105 ||| PLANNING D:1-11
  2370 | D:4      | Found an opulent altar of Gozag.
  2385 | D:4      | Found a burning altar of Makhleb.
  2512 | D:4      | Noticed Duvessa
  2512 | D:4      | Noticed Dowan
  2519 | D:4      | Reached XP level 5. HP: 12/32 MP: 5/5
  2524 | D:4      | HP: 8/32 [Dowan/+2 dagger of electrocution (1)]
  2525 | D:4      | Killed from afar by Dowan

Levels and vault maps discovered:
D:1:      eino_arrival_cavern_b, layout_rooms
D:2:      layout_basic, chequers_ecumenical_altar_simple, minmay_pentomino_z4
D:3:      layout_basic, gup_sewer_entry_bowl, amcnicky_mini_pool_small,
          uniq_ijyb
D:4:      layout_loops_cross, mainiacjoe_overflow_concentric_impassable,
          mainiacjoe_overflow_surrounded_room, mainiacjoe_overflow_tiny_flanked,
          dk_noncrumbling_2, minmay_misc_feat_encased, uniq_duvessa

Skill      XL: |  1  2  3 |
---------------+----------+-----
Armour         | 1 |  1.0
Ranged Weapons | 5 |  5.8
Fighting       | 3 |  3.1
Dodging        | |  1.5
Stealth        | |  1.1

Action                     |  1- 3 |  4- 6 || total
---------------------------+-------+-------++-------
   Fire: Shortbow          |    97 |    51 ||   148
    Use: Scroll            |     9 |     3 ||    12
         Potion            |       |     1 ||     1
 Armour: Leather armour    |     4 |       ||     4
         Ring mail         |     1 |    15 ||    16
  Dodge: Dodged            |    20 |    29 ||    49

Table legend:
 A = Non-vault XP
 B = Vault XP
 C = Vault XP percentage of total XP
 D = Non-vault monster count
 E = Vault monster count
 F = Vault count percentage of total count
                 A         B        C        D         E       F
            +---------+---------+-------+---------+---------+-------
      Total |     157 |      43 |  21.5 |      50 |       6 |  10.7
            +---------+---------+-------+---------+---------+-------
        D:1 |      28 |       0 |   0.0 |      17 |       0 |   0.0
        D:2 |      22 |       4 |  15.4 |      10 |       3 |  23.1
        D:3 |      51 |      39 |  43.3 |      21 |       3 |  12.5
        D:4 |      56 |       0 |   0.0 |       2 |       0 |   0.0
            +---------+---------+-------+---------+---------+-------
